Map: Blackpink LE

Players

Lambo

  • Race: Zerg Zerg
  • Spawn Location: 1:00

Ryung - Winner!

  • Race: Terran Terran
  • League: Master
  • Spawn Location: 7:00

Event: Memes & Dreams Invitational

VOD

Have the link to the VOD?

Description

Time

  • Played on: April 14, 2018, 3:23 a.m.
  • Length: 11:03

All games in this series

Show
View Real Time Build Order
Export as new Build Order

Lambo Zerg 

Build Orders: Hatch First 

Get SALT Encoding   

  12  0:00  Drone  
  13  0:12  Overlord  
  13  0:17  Drone  
  14  0:31  Drone x2  
  16  0:48  Hatchery  
  15  0:52  Drone  
  15  0:55  Drone  
  17  0:58  Drone  
  18  1:10  Extractor  
  17  1:14  Spawning Pool  
  17  1:16  Drone  
  17  1:20  Drone  
  18  1:29  Drone  
  19  1:40  Drone  
  20  1:54  Overlord  
  20  2:00  Queen  
  20  2:01  Queen  
  24  2:02  Zergling x2  
  24  2:03  Zergling x2  
  26  2:12  Drone x2  
  28  2:18  Metabolic Boost  
  28  2:22  Drone x2  
  30  2:40  Hatchery  
  29  2:44  Drone  
  29  2:47  Pneumatized Carapace  
  29  2:50  Drone  
  31  2:51  Drone  
  31  2:54  Overlord  
  32  2:59  Drone  
  32  3:01  Drone  
  34  3:08  Drone x2  
  36  3:13  Drone x2  
  36  3:18  Queen  
  36  3:19  Drone  
  41  3:23  Drone  
  42  3:28  Drone x2  
  42  3:33  Overlord  
  44  3:45  Roach Warren  
  43  3:49  Zergling x2  
  43  3:54  Queen  
  48  3:56  Lair  
  48  3:57  Queen  
  48  3:59  Zergling x6  
  48  4:00  Drone x2  
  48  4:02  Drone x2  
  55  4:05  Drone  
  55  4:08  Extractor  
  55  4:09  Extractor  
  54  4:10  Overlord  
  54  4:12  Drone  
  54  4:14  Drone x2  
  57  4:17  Drone  
  58  4:30  Drone x2  
  60  4:32  Overlord  
  60  4:37  Overlord  
  62  4:43  Evolution Chamber  
  62  4:45  Overlord x3  
  59  4:58  Drone x4  
  63  5:00  Overseer  
  63  5:01  Drone x4  
  63  5:02  Drone x2  
  63  5:05  Drone  
  63  5:06  Drone x2  
  63  5:07  Drone x2  
  74  5:11  Zerg Missile Weapons Level 1, Glial Reconstitution  
  74  5:12  Drone  
  74  5:13  Drone  
  76  5:14  Extractor  
  76  5:17  Extractor  
  76  5:19  Overseer  
  76  5:21  Drone x3  
  77  5:30  Roach x4  
  77  5:31  Roach  
  77  5:33  Roach x2  
  91  5:41  Hatchery  
  91  5:42  Roach  
  92  5:46  Overlord  
  92  5:49  Queen  
  92  5:52  Queen  
  92  5:53  Drone x2  
  92  5:57  Overlord  
  98  5:59  Overlord  
  98  6:03  Overlord x2  
  98  6:10  Overlord  
  98  6:13  Overlord  
  98  6:14  Overlord  
  98  6:15  Overlord  
  98  6:17  Roach x3  
  104  6:22  Roach x3  
  110  6:26  Roach x2  
  110  6:28  Roach x2  
  110  6:32  Roach  
  120  6:35  Roach x3  
  120  6:39  Roach x2  
  130  6:44  Roach x2  
  134  6:49  Roach x2  
  134  6:53  Roach  
  140  6:55  Roach  
  140  6:58  Roach x2  
  146  7:03  Roach x4  
  146  7:08  Roach x4  
  162  7:11  Overlord  
  162  7:15  Roach x4  
  170  7:24  Ravager x2  
  170  7:25  Ravager x2  
  170  7:26  Roach x3  
  170  7:29  Roach x2  
  176  7:31  Roach  
  177  7:39  Roach x3  
  170  7:48  Roach  
  170  7:49  Roach x2  
  149  7:51  Roach x2  
  149  7:57  Roach x3  
  132  8:01  Roach x3  
  138  8:05  Roach  
  138  8:10  Roach x2  
  136  8:12  Roach  
  136  8:15  Roach  
  136  8:19  Roach x2  
  135  8:22  Roach  
  135  8:23  Queen x2  
  135  8:25  Roach  
  130  8:28  Queen  
  130  8:30  Roach  
  130  8:33  Roach  
  132  8:37  Roach  
  134  8:42  Roach  
  134  8:43  Roach  
  134  8:45  Ravager x2  
  140  8:50  Ravager  
  140  8:53  Roach x3  
  147  8:58  Drone  
  147  9:00  Roach  
  147  9:01  Roach  
  152  9:04  Overlord  
  138  9:17  Roach x4  
  116  9:20  Roach x2  
  116  9:23  Roach  
  98  9:27  Roach  
  98  9:28  Roach  
  93  9:34  Roach x2  
  93  9:35  Roach  
  93  9:37  Roach  
  95  9:43  Roach  
  99  9:48  Roach  
  99  9:49  Roach  
  99  9:51  Ravager x3  
  104  9:54  Roach x2  
  108  10:00  Roach x2  
  108  10:01  Roach  
  108  10:05  Roach  
  115  10:17  Overlord  
  115  10:19  Overlord  
  114  10:21  Roach  
  114  10:28  Ravager x3  
  111  10:29  Roach  
  111  10:33  Roach  
  113  10:35  Zergling x2  
  113  10:36  Zergling x6  
  113  10:40  Roach  
Show
View Real Time Build Order
Export as new Build Order

Ryung Terran - Winner!

Build Orders: Reaper Expand, Mech 

Get SALT Encoding   

  12  0:01  SCV  
  13  0:13  SCV  
  14  0:17  Supply Depot  
  14  0:25  SCV  
  15  0:39  SCV  
  15  0:41  Barracks  
  16  0:43  Refinery  
  16  0:51  SCV  
  17  1:03  SCV  
  18  1:15  SCV  
  19  1:27  Orbital Command  
  19  1:28  Reaper  
  20  1:39  Command Center  
  20  1:51  Supply Depot  
  20  1:53  SCV  
  21  2:00  Marine  
  22  2:04  Factory  
  22  2:08  SCV  
  23  2:20  SCV  
  23  2:21  Barracks Reactor  
  24  2:32  SCV  
  25  2:44  SCV, Command Center  
  26  2:52  Orbital Command  
  26  2:56  SCV  
  27  3:01  Starport  
  27  3:08  SCV, Refinery  
  27  3:11  Hellion  
  30  3:15  Hellion  
  30  3:19  SCV  
  33  3:20  SCV  
  33  3:22  Barracks Tech Lab  
  34  3:31  SCV  
  34  3:32  SCV  
  36  3:35  Hellion  
  36  3:36  Hellion  
  40  3:44  Viking  
  40  3:45  SCV x2  
  44  3:58  SCV x2, Orbital Command  
  44  4:00  Hellion  
  44  4:01  Hellion  
  50  4:08  Refinery x2  
  50  4:13  SCV x2  
  50  4:14  Raven  
  54  4:24  SCV  
  54  4:25  Supply Depot, SCV  
  54  4:26  Supply Depot, SCV  
  57  4:37  SCV x2  
  57  4:38  SCV  
  59  4:43  Orbital Command  
  59  4:44  Armory  
  61  4:45  Hellion  
  61  4:47  Hellion  
  63  4:55  Barracks Tech Lab  
  63  4:56  Factory, SCV  
  63  4:57  SCV  
  63  4:58  Factory  
  65  5:07  Starport Reactor  
  65  5:08  SCV  
  65  5:09  Hellion x2, SCV  
  65  5:11  SCV  
  72  5:17  Supply Depot  
  72  5:20  Supply Depot, SCV  
  72  5:21  SCV  
  74  5:23  SCV  
  75  5:32  Terran Vehicle Weapons Level 1  
  75  5:33  SCV  
  76  5:37  SCV  
  76  5:39  SCV  
  78  5:45  SCV  
  78  5:49  SCV  
  80  5:51  SCV, Thor x2  
  80  5:54  Supply Depot  
  93  5:57  SCV, Refinery x2  
  93  6:01  SCV  
  93  6:02  Supply Depot, Medivac  
  93  6:03  Supply Depot, SCV  
  98  6:05  Medivac  
  98  6:09  SCV  
  101  6:16  SCV x2  
  103  6:21  SCV  
  103  6:22  Factory  
  104  6:25  Factory  
  104  6:27  Barracks Reactor  
  104  6:28  SCV x2  
  104  6:30  Supply Depot  
  104  6:31  Supply Depot  
  104  6:32  Supply Depot  
  106  6:38  Siege Tank  
  109  6:41  Siege Tank  
  109  6:46  Hellion x2  
  116  6:47  SCV x3  
  116  6:51  Armory  
  119  6:56  Viking x2  
  123  7:01  SCV x2  
  123  7:02  SCV  
  123  7:07  Engineering Bay  
  123  7:08  Supply Depot  
  126  7:09  Supply Depot  
  126  7:13  Factory Tech Lab  
  132  7:18  Supply Depot, Liberator  
  132  7:28  Cyclone x2  
  138  7:33  Siege Tank  
  138  7:35  Siege Tank  
  141  7:50  SCV  
  141  7:51  Siege Tank, SCV x2  
  124  7:56  Hellion x2  
  109  8:05  Siege Tank, SCV  
  104  8:09  SCV x2  
  104  8:11  Siege Tank  
  95  8:17  SCV  
  88  8:21  SCV x2  
  88  8:22  Cyclone x2  
  88  8:23  Siege Tank  
  93  8:29  SCV  
  93  8:31  Cyclone  
  93  8:33  SCV  
  98  8:41  SCV  
  98  8:45  Cyclone x2  
  99  8:51  SCV  
  99  8:53  SCV, Cyclone  
  102  9:03  SCV  
  102  9:09  Orbital Command  
  103  9:12  Cyclone  
  90  9:20  Cyclone  
  81  9:31  SCV x2  
  80  9:40  Cyclone x2  
  80  9:41  SCV  
  80  9:43  SCV x2  
  89  9:48  Supply Depot  
  89  9:53  SCV  
  89  9:54  Cyclone  
  89  9:55  SCV  
  89  9:56  SCV  
  95  10:06  SCV  
  95  10:08  SCV  
  95  10:10  Cyclone  
  95  10:11  SCV  
  100  10:18  SCV  
  100  10:20  SCV  
  101  10:25  Siege Tank  
  104  10:33  Hellion  
  109  10:48  SCV x2  
Tags
 
Add a new tag
Caveats
  • Supply blocks, unpowered buildings, or Contaminate may cause inaccurate times.
  • Supply counts are checked every 10 seconds.